Map: Catalyseur EC

Players

HoldTheDoor

  • Race: Protoss Protoss
  • League: Diamond
  • Spawn Location: 11:00

Knox - Winner!

  • Race: Zerg Zerg
  • League: Platinum
  • Spawn Location: 5:00

VOD

Have the link to the VOD?

Description

Time

  • Played on: July 4, 2018, 1:19 p.m.
  • Length: 4:59
Show
View Real Time Build Order
Export as new Build Order

HoldTheDoor Protoss 

Build Orders:  

Get SALT Encoding   

  12  0:01  Probe  
  13  0:13  Probe  
  14  0:20  Pylon  
  14  0:25  Probe  
  15  0:37  Probe  
  15  0:42  Gateway  
  16  0:45  Probe  
  16  0:47  Assimilator  
  17  0:53  Probe  
  18  1:13  Gateway  
  18  1:16  Probe  
  18  1:24  Probe  
  19  1:27  Assimilator  
  19  1:29  Zealot  
  22  1:35  Probe  
  23  1:40  Cybernetics Core  
  23  2:00  Pylon  
  23  2:18  Probe, Adept  
  23  2:22  Pylon  
  28  2:29  Warp Gate  
  28  2:32  Gateway  
  26  2:43  Adept  
  28  2:58  Nexus  
  28  2:59  Probe  
  29  3:09  Pylon  
  29  3:14  Sentry  
  29  3:15  Probe  
  32  3:33  Adept  
  34  3:40  Pylon  
  34  3:42  Probe  
  37  3:48  Sentry  
  37  3:58  Probe  
  38  4:03  Robotics Facility  
  38  4:04  Twilight Council  
  38  4:10  Probe x2  
  40  4:23  Pylon  
  40  4:26  Gateway  
  40  4:35  Stalker x2  
Show
View Real Time Build Order
Export as new Build Order

Knox Zerg - Winner!

Build Orders: Pool First 

Get SALT Encoding   

  12  0:01  Drone  
  13  0:24  Spawning Pool  
  13  0:26  Drone  
  13  0:30  Drone  
  14  0:39  Overlord  
  14  0:45  Extractor  
  14  0:46  Drone  
  15  1:13  Zergling x6  
  15  1:17  Queen  
  20  1:32  Extractor  
  19  1:33  Drone  
  19  1:35  Zergling x2  
  21  1:45  Drone  
  22  1:56  Overlord  
  22  2:15  Zergling x2  
  19  2:47  Roach Warren  
  18  2:52  Overlord  
  18  2:54  Drone x2  
  18  2:55  Drone  
  21  3:07  Hatchery  
  19  3:27  Roach x4  
  19  3:28  Roach  
  29  3:45  Roach  
  29  3:46  Roach x3  
  37  3:56  Drone  
  37  4:01  Overlord  
  38  4:18  Queen  
  38  4:19  Drone x4  
Tags
 
Add a new tag
Caveats
  • Supply blocks, unpowered buildings, or Contaminate may cause inaccurate times.
  • Supply counts are checked every 10 seconds.